AoeStats
← Moveable35

Scandinavia

510344249Analyzed
1v1 RM · 3d ago on Sep 30, 2026· 50m 54s· 2 players
Game mode
Random Map
Map size
Tiny (2 player)
Population
200
Speed
Normal
Resources
Standard
Victory
Conquest
Starting age
Dark Age
Ending age
Imperial Age
RankedLock teamsTeams togetherTeam positionsShared explorationLock speedFull tech treeHidden civsTurbo modeCheats
Victory
Defeat
🇸🇬 Mongols · Singapore
1191
+17
🇺🇸 Vikings · United States
1204
-17
Jungle The Quest
6:49 Loom
11:40 Feudal Age
12:15 Man-at-Arms
14:43 Horse Collar
20:40 Castle Age
19:54 Fletching
20:08 Gold Mining
21:01 Double-Bit Axe
21:40 Forging
21:24 Crossbowman
24:41 Scale Barding Armor
25:01 Town Watch
27:36 Padded Archer Armor
29:55 Chain Barding Armor
31:58 Iron Casting
33:05 Wheelbarrow
38:55 Imperial Age
36:25 Bodkin Arrow
40:44 Bracer
41:08 Ballistics
41:48 Chemistry
41:31 Hoardings
41:23 Conscription
40:36 Light Cavalry
43:28 Blast Furnace
46:07 Leather Archer Armor
47:22 Bloodlines
46:34 Cavalier
47:15 Husbandry
Moveable35
11:05 Feudal Age
10:59 Loom
12:47 Feudal Age
13:42 Man-at-Arms
14:45 Scale Mail Armor
15:09 Forging
18:24 Scale Barding Armor
20:37 Town Watch
21:15 Double-Bit Axe
21:51 Horse Collar
22:26 Arson
26:23 Castle Age
26:50 Gold Mining
26:39 Pikeman
28:34 Padded Archer Armor
28:58 Chain Mail Armor
32:11 Iron Casting
33:55 Chain Barding Armor
38:23 Heavy Plow
42:15 Bow Saw
45:47 Light Cavalry
Connection lost

Rejoining the realm…

Still unreachable

The connection could not be restored.

Session expired

The server has moved on; the page needs a fresh start.